 Dungeon Crawl Stone Soup version 0.30.0-19-g36f170ea60 (webtiles) character file.

Game seed: 13348653565520757365

20 monsoonserge the Gusty (level 2, 0/15 HPs)
             Began as a Tengu Air Elementalist on May 28, 2023.
             Slain by Terence
             ... wielding a +0 short sword of speed
              (3 damage)
             ... on level 2 of the Dungeon.
             The game lasted 00:02:33 (684 turns).

monsoonserge the Gusty (Tengu Air Elementalist)      Turns: 684, Time: 00:02:34

Health: 0/15       AC:  2    Str:  8    XL:     2   Next: 79%
Magic:  1/6        EV: 12    Int: 15    God:
Gold:   55         SH:  0    Dex: 14    Spells: 4/5 levels left

rFire   . . .        i - +1 dagger (speed)
rCold   . . .        (no shield)
rNeg    . . .        a - +0 robe
rPois   .            (helmet restricted)
rElec   .            (no cloak)
rCorr   .            (no gloves)
SInv    .            (boots unavailable)
Will    .....        (no amulet)
Stlth   ++           (no ring)
HPRegen 0.22/turn    (no ring)
MPRegen 0.10/turn

%: no passive effects
@: no status effects
A: beak, talons 3
a: no special abilities


You were on level 2 of the Dungeon.
You visited 1 branch of the dungeon, and saw 2 of its levels.

You collected 55 gold pieces.

Inventory:

Hand Weapons
 e - a +0 sling
 i - a +1 dagger of speed (weapon)
Armour
 a - a +0 robe (worn)
 g - a +0 ring mail
 k - a +0 chain mail
Scrolls
 d - a scroll of poison {unknown}
 h - a scroll of teleportation {unknown}
 j - a scroll of fog {unknown}
 l - a scroll of torment {unknown}
 m - a scroll of blinking {unknown}
 o - a scroll of identify {unknown}
Potions
 b - a potion of magic
 c - a potion of mutation {unknown}
 f - 2 potions of heal wounds {unknown}
 n - a potion of invisibility {unknown}


   Skills:
 + Level 2.3 Dodging
 + Level 2.0 Stealth
 + Level 2.2 Spellcasting
 + Level 1.7 Conjurations
 + Level 4.8 Air Magic


You had 4 spell levels left.
You knew the following spells:

 Your Spells              Type           Power      Damage    Failure   Level
a - Shock                 Conj/Air       44%        1d5       6%          1

Your spell library contained the following spells:

 Spells                   Type           Power      Damage    Failure   Level
 Static Discharge         Conj/Air       22%        2-3/arc   9%          2
 Swiftness                Air            16%        N/A       9%          3
 Airstrike                Air            8%         2d(2-18)  30%         4


Dungeon Overview and Level Annotations

Branches:
Dungeon (2/15)

Altars:

Shops:
D:1 ?

Annotations:
D:2 Terence


Innate Abilities, Weirdness & Mutations

You have a beak for a mouth.
You have claws for feet.


Message History

Confirm with . or Enter, or press ? or * to list all spells.
Aiming: Shock (safe; 6% risk of failure)
Press: ? - help, Shift-Dir - straight line, f - Terence
Aim: Terence, wielding a +0 short sword of speed and wearing a +0 ring mail (moderately wounded, 72% to hit)
The zap hits Terence.
Terence is moderately wounded.
Terence hits you with a +0 short sword of speed!
Terence barely misses you.
Casting: Shock (safe; 6% risk of failure)
Confirm with . or Enter, or press ? or * to list all spells.
Aiming: Shock (safe; 6% risk of failure)
Press: ? - help, Shift-Dir - straight line, f/p - Terence
Aim: Terence, wielding a +0 short sword of speed and wearing a +0 ring mail (moderately wounded, 72% to hit)
The zap hits Terence.
Terence is heavily wounded.
Terence hits you with a +0 short sword of speed.
Casting: Shock (safe; 6% risk of failure)
Confirm with . or Enter, or press ? or * to list all spells.
Aiming: Shock (safe; 6% risk of failure)
Press: ? - help, Shift-Dir - straight line, f/p - Terence
Aim: Terence, wielding a +0 short sword of speed and wearing a +0 ring mail (heavily wounded, 72% to hit)
The zap misses Terence.
Terence closely misses you. x2
Unknown command.
Casting: Shock (safe; 6% risk of failure)
Confirm with . or Enter, or press ? or * to list all spells.
Aiming: Shock (safe; 6% risk of failure)
Press: ? - help, Shift-Dir - straight line, f/p - Terence
Aim: Terence, wielding a +0 short sword of speed and wearing a +0 ring mail (heavily wounded, 72% to hit)
The zap misses Terence.
Terence hits you with a +0 short sword of speed.
* * * LOW HITPOINT WARNING * * *
Casting: Shock (safe; 6% risk of failure)
Confirm with . or Enter, or press ? or * to list all spells.
Aiming: Shock (safe; 6% risk of failure)
Press: ? - help, Shift-Dir - straight line, f/p - Terence
Aim: Terence, wielding a +0 short sword of speed and wearing a +0 ring mail (heavily wounded, 72% to hit)
The zap hits Terence.
Terence is heavily wounded.
Terence hits you with a +0 short sword of speed.
You die...

###### ######
##.....##.....#
................
..<..............
#....!...........
#...............
#.......@.......
#.......@.......
#......>........
#..............
##...<.##.....>
............#####
##...######.#
###. # .


You could see Terence.

Vanquished Creatures
  A dart slug (D:1)
  2 giant cockroaches (D:1)
  3 goblins (D:1)
  2 hobgoblins (D:1)
  3 jackals (D:1)
  2 ball pythons (D:1)
  2 frilled lizards (D:1)
  A rat (D:1)
16 creatures vanquished.

Notes
Turn   | Place    | Note
-------+----------+-------------------------------------------
     0 | D:1      | monsoonserge the Tengu Air Elementalist began the quest for
                  | the Orb.
     0 | D:1      | Reached XP level 1. HP: 10/10 MP: 4/4
    86 | D:1      | Reached XP level 2. HP: 8/15 MP: 1/6
   467 | D:1      | Found Pokaotri's Magic Scroll Shop.
   675 | D:2      | Noticed Terence
   684 | D:2      | Slain by Terence

Illustrated notes

Levels and vault maps discovered:
D:1:      ebering_trefoil_3fold, layout_rooms, serial_shops, shop
D:2:      layout_rooms, minmay_heptomino_w4, uniq_terence

Action                     || total
---------------------------++-------
  Melee: Club              ||    11
         Kick              ||     5
         Peck              ||     2
         Dagger            ||    10
   Cast: Shock             ||    33
   Stab: Sleeping          ||     1
 Armour: Robe              ||     2
  Dodge: Dodged            ||    18
